 Dungeon Crawl Stone Soup version 0.18.1-1-g2f07953 (webtiles) character file.

16 Danakh the Gusty (level 2, -4/19 HPs)
             Began as a Demonspawn Air Elementalist on Aug 31, 2016.
             Slain by a worm (12 damage)
             ... on level 2 of the Dungeon on Oct 13, 2016.
             The game lasted 00:06:44 (956 turns).

Danakh the Gusty (Demonspawn Air Elementalist)       Turns: 956, Time: 00:06:44

Health: -4/19      AC:  4    Str:  8    XL:     2   Next: 41%
Magic:  0/5        EV: 12    Int: 16    God:
Gold:   39         SH:  0    Dex: 13    Spells: 2 memorised, 2 levels left

rFire  . . .     SeeInvis .     e - +0 club
rCold  . . .     Gourm    .     m - +0 robe (curse)
rNeg   . . .     Faith    .     (no shield)
rPois  .         Spirit   .     i - +0 helmet
rElec  .         Dismiss  .     (no cloak)
rCorr  .         Reflect  .     (no gloves)
SustAt .         Harm     .     (no boots)
MR     .....                    (no amulet)
Stlth  ++........               (no ring)
                                (no ring)

@: repel missiles, not resistant to hostile enchantments, unstealthy
A: rugged brown scales 1
a: no special abilities


You were on level 2 of the Dungeon.
You were hungry.

You visited 1 branch of the dungeon, and saw 2 of its levels.

You collected 39 gold pieces.

Inventory:

Hand Weapons
 e - a +0 club (weapon)
Armour
 a - a +0 robe
 i - a +0 helmet (worn)
 m - a cursed +0 robe (worn)
Scrolls
 d - a scroll of noise {unknown}
 f - 3 scrolls of teleportation {unknown}
 k - a scroll of identify {unknown}
Potions
 g - a potion of berserk rage {unknown}
Books
 b - a book of Air

   Spells                             Type                      Level
   a - Shock                          Conjuration/Air              1
   b - Swiftness                      Charms/Air                   2
   c - Repel Missiles                 Charms/Air                   2
   d - Static Discharge               Conjuration/Air              3
   e - Lightning Bolt                 Conjuration/Air              5
Comestibles
 c - a bread ration
 j - 4 fruits
 l - a meat ration


   Skills:
 + Level 1.9 Dodging
 + Level 1.8 Stealth
 + Level 2.4 Spellcasting
 + Level 1.0 Conjurations
 + Level 3.0 Air Magic


You had 2 spell levels left.
You knew the following spells:

 Your Spells              Type           Power        Failure   Level  Hunger
a - Shock                 Conj/Air       #...         10%         1    #......
e - Repel Missiles        Chrm/Air       #.....       17%         2    ###....


Dungeon Overview and Level Annotations

Branches:
Dungeon (1/15)

Altars:
The Shining One


Innate Abilities, Weirdness & Mutations

You are partially covered in rugged brown scales (AC +1, +3% HP).


Message History

The zap hits the worm.
The worm is severely wounded.
The worm bites you.
Casting: Shock
Confirm with . or Enter, or press ? or * to list all spells.
Aiming: Shock
Press: ? - help, Shift-Dir - straight line The zap hits the worm.
The worm is heavily wounded.
The worm closely misses you.
You barely miss the worm.
The worm is heavily wounded.
You hit the worm.
The worm is severely wounded.
The worm barely misses you.
You hit the worm.
The worm is severely wounded.
The worm bites you!
Ouch! That really hurt!
You die...

#########..# ## #
..........### .#.#
####.#..##.##...#
#...#'...##
###..##..#..##
###...##..#.#..## #.#
#...###..#._.#..#
###.###)#...##.w#.#w.##
.......)###..##.@#..##
###.###.# ...##...## #
#.# #.# #....##.##..# #
#.# #.# #.#...### .## #
#.# #.# #.#. ##
###.###.###...
...............
.###########... ##


You could see a worm.

Vanquished Creatures
  2 dart slugs (D:1)
  2 bats (D:1)
  A goblin (D:1)
  2 hobgoblins (D:1)
  2 giant newts
  2 kobolds (D:1)
  3 rats (D:1)
14 creatures vanquished.

Notes
Turn   | Place    | Note
--------------------------------------------------------------
     0 | D:1      | Danakh the Demonspawn Air Elementalist began the quest for the Orb.
     0 | D:1      | Reached XP level 1. HP: 13/13 MP: 3/3
   329 | D:1      | Gained mutation: You are partially covered in rugged brown scales (AC +1, +3% HP). [demonic ancestry]
   329 | D:1      | Reached XP level 2. HP: 3/19 MP: 0/5
   429 | D:1      | Learned a level 2 spell: Repel Missiles
   473 | D:1      | Reached skill level 3 in Air Magic
   599 | D:1      | You fall through a shaft!
   624 | D:2      | Found a glowing golden altar of the Shining One.
   956 | D:2      | Slain by a worm

Skill      XL: |  1  2 |
---------------+-------+-----
Air Magic      | 3 |  3.0
Dodging        | |  1.9
Stealth        | |  1.8
Spellcasting   | |  2.4
Conjurations   | |  1.0

Action                   || total
-------------------------++-------
Melee: Unarmed           ||    16
       Club              ||    30
 Cast: Shock             ||    32
       Repel Missiles    ||     1
Armor: Robe              ||     8
Dodge: Dodged            ||    38
       Deflected         ||     1
